[Event "1st Konde Memorial 2025"]
[Site "Pune"]
[Date "2025.02.02"]
[Round "4.1"]
[White "Sammed Jaykumar, Shete"]
[Black "Patel Neehal Trishulkumar"]
[Result "1-0"]
[Annotator "ChessBase"]
[ECO "D02"]
[WhiteElo "2379"]
[BlackElo "1590"]
[PlyCount "83"]
[EventDate "2025.02.01"]
[EventType "swiss"]
[EventCountry "IND"]
[SourceTitle "playchess.com"]
[Source "ChessBase"]
[SourceQuality "1"]
[TimeControl "900+5"]

1. d4 Nf6 2. Nf3 e6 3. g3 d5 4. Bg2 c5 5. O-O Nc6 6. b3 Be7 7. Bb2 O-O 8. Nbd2 b6 9. c4 Bb7 10. dxc5 bxc5 11. e3 Qc7 12. a3 Rad8 13. cxd5 exd5 14. Qc2 h6 15. Rac1 Qd6 16. Nh4 Bc8 17. b4 c4 18. e4 Nxe4 19. Nxe4 dxe4 20. Qxe4 Nd4 21. Bxd4 Qxd4 22. Qxe7 Be6 23. Nf3 Qb2 24. Qxa7 Ra8 25. Qc5 Rac8 26. Qe5 c3 27. Nd4 Bc4 28. Nf5 f6 29. Bd5+ Bxd5 30. Qxd5+ Kh7 31. Qd7 Rg8 32. Ne7 Rcd8 33. Qf5+ g6 34. Qxf6 Rg7 35. Nxg6 Rd2 36. Nf8+ Kg8 37. Ne6 Rgd7 38. Rxc3 Rc2 39. Qf8+ Kh7 40. Qf5+ Kg8 41. Rxc2 Rf7 42. Rc8+ 1-0

[Event "1st Konde Memorial 2025"]
[Site "Pune"]
[Date "2025.02.02"]
[Round "4.2"]
[White "Mali Shlok"]
[Black "Dixit, Nikhil"]
[Result "0-1"]
[Annotator "ChessBase"]
[ECO "B31"]
[WhiteElo "1796"]
[BlackElo "2349"]
[PlyCount "88"]
[EventDate "2025.02.01"]
[EventType "swiss"]
[EventCountry "IND"]
[SourceTitle "playchess.com"]
[Source "ChessBase"]
[SourceQuality "1"]
[TimeControl "900+5"]

1. e4 c5 2. Nf3 Nc6 3. Bb5 g6 4. O-O Bg7 5. Bxc6 dxc6 6. Qe2 Nf6 7. c4 O-O 8. Nc3 Bg4 9. d3 Nd7 10. Be3 f5 11. exf5 Rxf5 12. h3 Bxf3 13. gxf3 e5 14. Ne4 Qh4 15. Kg2 Raf8 16. Ng3 Rxf3 17. Qxf3 Rxf3 18. Kxf3 Qxh3 19. Ke2 Qg4+ 20. Kd2 e4 21. Nxe4 Ne5 22. f4 Qg2+ 23. Rf2 Nxc4+ 24. dxc4 Qxe4 25. f5 Bxb2 26. Re1 Qxc4 27. f6 Bc3+ 28. Kd1 Bxe1 29. f7+ Qxf7 30. Rxf7 Kxf7 31. Kxe1 b6 32. Bf4 c4 33. Bb8 a6 34. Ba7 b5 35. a3 Ke6 36. Kd2 Kd5 37. Kc3 c5 38. Bb8 g5 39. Bc7 h5 40. Bd8 g4 41. Bh4 a5 42. Bg3 b4+ 43. axb4 cxb4+ 44. Kc2 a4 0-1

[Event "1st Konde Memorial 2025"]
[Site "Pune"]
[Date "2025.02.02"]
[Round "4.3"]
[White "Jain, Kushagra"]
[Black "Sunil, Vaidya"]
[Result "1-0"]
[Annotator "ChessBase"]
[ECO "B03"]
[WhiteElo "2150"]
[BlackElo "1580"]
[PlyCount "41"]
[EventDate "2025.02.01"]
[EventType "swiss"]
[EventCountry "IND"]
[SourceTitle "playchess.com"]
[Source "ChessBase"]
[SourceQuality "1"]
[TimeControl "900+5"]

1. e4 Nf6 2. e5 Nd5 3. d4 d6 4. c4 Nb6 5. f4 dxe5 6. fxe5 c5 7. d5 e6 8. Nc3 exd5 9. cxd5 c4 10. Nf3 Bb4 11. Bxc4 O-O 12. Bb3 N8d7 13. O-O Bc5+ 14. Kh1 Kh8 15. Bf4 f6 16. e6 Ne5 17. Nxe5 fxe5 18. Bxe5 Bd6 19. Qd4 Qe7 20. Bxd6 Qxd6 21. Ne4 1-0

[Event "1st Konde Memorial 2025"]
[Site "Pune"]
[Date "2025.02.02"]
[Round "4.4"]
[White "Apurv Shekhar Desmukh"]
[Black "Abhishek, Kelkar"]
[Result "1/2-1/2"]
[Annotator "ChessBase"]
[ECO "A12"]
[WhiteElo "1800"]
[BlackElo "2175"]
[PlyCount "195"]
[EventDate "2025.02.01"]
[EventType "swiss"]
[EventCountry "IND"]
[SourceTitle "playchess.com"]
[Source "ChessBase"]
[SourceQuality "1"]
[TimeControl "900+5"]

1. Nf3 Nf6 2. g3 d5 3. Bg2 c6 4. O-O Bf5 5. c4 e6 6. b3 Be7 7. Bb2 a5 8. d3 h6 9. a3 O-O 10. Nbd2 Nbd7 11. Ra2 Bg4 12. Qa1 b5 13. h3 Bh5 14. g4 Bg6 15. Ne5 Nxe5 16. Bxe5 Qb6 17. d4 bxc4 18. bxc4 Qa6 19. Rc1 Ra7 20. cxd5 cxd5 21. Bf1 Rb7 22. Rb2 Rxb2 23. Qxb2 Rc8 24. e3 Rxc1 25. Qxc1 Bd3 26. Bxf6 Bxf6 27. Nb3 Bxf1 28. Qxf1 Qb6 29. Qd3 Be7 30. Qc3 Bxa3 31. Nxa5 Qb1+ 32. Kg2 Bd6 33. Nc6 h5 34. Ne5 Qb8 35. f4 hxg4 36. hxg4 f6 37. Nd3 Qe8 38. Nc5 Qg6 39. Kg3 f5 40. g5 Qxg5+ 41. Kf2 Qh4+ 42. Kg2 Kf7 43. Nd3 Qg4+ 44. Kf2 Qh4+ 45. Kg2 Qd8 46. Qc6 Qc7 47. Qa4 Ke7 48. Kf3 Qc3 49. Qa7+ Qc7 50. Qa4 Qb7 51. Qc2 Kf6 52. Qh2 Qd7 53. Qh4+ Kf7 54. Qh5+ Kg8 55. Qg6 Qf7 56. Qg5 Be7 57. Qg2 Qh5+ 58. Kf2 Bf6 59. Qf3 Qh2+ 60. Qg2 Qh5 61. Ke1 Bh4+ 62. Kd2 Bf6 63. Qg1 Qf3 64. Qf2 Qh1 65. Nc5 Kf7 66. Ke2 Be7 67. Nd3 Bd6 68. Qf1 Qxf1+ 69. Kxf1 Kf6 70. Kg2 g5 71. fxg5+ Kxg5 72. Kf3 Bc7 73. Nc5 Kf6 74. Nd7+ Ke7 75. Nc5 Bd6 76. Nd3 Kf6 77. Nf2 Kg5 78. Nh3+ Kf6 79. Nf2 Ba3 80. Nd3 Bd6 81. Nf2 Kg5 82. Nh3+ Kg6 83. Nf2 Kf6 84. Nd3 e5 85. dxe5+ Bxe5 86. Nb4 Ke6 87. Nc6 Kd6 88. Nb4 Ke6 89. Nc6 Bd6 90. Nd4+ Kf6 91. Nb5 Bb8 92. Nc3 Ke6 93. Nb5 Be5 94. Na3 Kd6 95. Nc2 Ke6 96. Nb4 Bd6 97. Nc6 Be5 98. Nb4 1/2-1/2

[Event "1st Konde Memorial 2025"]
[Site "Pune"]
[Date "2025.02.02"]
[Round "4.5"]
[White "Jain Kashish Manoj"]
[Black "Chavan Aditya"]
[Result "1-0"]
[Annotator "ChessBase"]
[ECO "B30"]
[WhiteElo "2363"]
[BlackElo "1713"]
[PlyCount "43"]
[EventDate "2025.02.01"]
[EventType "swiss"]
[EventCountry "IND"]
[SourceTitle "playchess.com"]
[Source "ChessBase"]
[SourceQuality "1"]
[TimeControl "900+5"]

1. e4 c5 2. Nf3 Nc6 3. Bb5 Nf6 4. Nc3 Qc7 5. O-O d6 6. Re1 e5 7. d3 Be7 8. Bg5 Be6 9. Bxf6 Bxf6 10. Nd5 Bxd5 11. exd5 a6 12. Bxc6+ bxc6 13. dxc6 O-O 14. c4 Qxc6 15. Nd2 g6 16. Ne4 Bg7 17. Nc3 Rab8 18. Nd5 Qd7 19. Rb1 f5 20. b4 cxb4 21. Nxb4 e4 22. Nd5 1-0

[Event "1st Konde Memorial 2025"]
[Site "Pune"]
[Date "2025.02.02"]
[Round "4.6"]
[White "Shete Soham"]
[Black "Sherla Prathamesh"]
[Result "0-1"]
[Annotator "ChessBase"]
[ECO "A06"]
[WhiteElo "1700"]
[BlackElo "2191"]
[PlyCount "52"]
[EventDate "2025.02.01"]
[EventType "swiss"]
[EventCountry "IND"]
[SourceTitle "playchess.com"]
[Source "ChessBase"]
[SourceQuality "1"]
[TimeControl "900+5"]

1. b3 Nf6 2. Bb2 c5 3. e3 Nc6 4. Nf3 d5 5. Be2 Qc7 6. d3 e5 7. h3 Bd6 8. c4 d4 9. e4 h6 10. Nbd2 Nh5 11. Nxd4 Nf4 12. Nb5 Qe7 13. Rg1 a6 14. Nc3 Nd4 15. Nf3 Be6 16. Bc1 Qf6 17. Nxd4 cxd4 18. Nd5 Bxd5 19. cxd5 Bb4+ 20. Bd2 Bc3 21. Bxc3 dxc3 22. Rc1 Qg5 23. Kf1 Rc8 24. Bg4 Rc5 25. Rc2 h5 26. Bf3 O-O 0-1

[Event "1st Konde Memorial 2025"]
[Site "Pune"]
[Date "2025.02.02"]
[Round "4.8"]
[White "Sarvankar Girish"]
[Black "Chavan Nameet"]
[Result "0-1"]
[Annotator "NA"]
[ECO "A43"]
[WhiteElo "1656"]
[BlackElo "1877"]
[PlyCount "74"]
[EventDate "2025.02.01"]
[EventType "swiss"]
[EventCountry "IND"]
[SourceTitle "playchess.com"]
[Source "ChessBase"]
[SourceQuality "1"]
[TimeControl "900+5"]

1. d4 c5 2. d5 Nf6 3. Nc3 e6 4. e4 exd5 5. exd5 d6 6. Nf3 g6 7. h3 Bg7 8. Be2 O-O 9. O-O Na6 10. a4 Nb4 11. Bg5 Bf5 12. Rc1 a6 13. Nd2 h6 14. Bxf6 Bxf6 15. Bf3 Bxc3 16. bxc3 Na2 17. Nc4 Nxc1 18. Qxc1 b5 19. Ne3 Qg5 20. Kh1 Rfe8 21. a5 Be4 22. Qd1 h5 23. Rg1 Bxf3 24. Qxf3 Re7 25. Rb1 Rae8 26. Kg1 Rxe3 27. fxe3 Qxe3+ 28. Qf2 Qxc3 29. Kh1 Qd4 30. Qf3 Qe4 31. Qf6 Qxd5 32. Rf1 Qe6 33. Qg5 Qe5 34. Qh4 Qe2 35. Rf2 Qe1+ 36. Kh2 d5 37. g4 Re2 0-1

[Event "1st Konde Memorial 2025"]
[Site "Pune"]
[Date "2025.02.02"]
[Round "4.9"]
[White "Bhosale Shriraj"]
[Black "Joglekar, Abhijit"]
[Result "1-0"]
[Annotator "NA"]
[ECO "A07"]
[WhiteElo "2125"]
[BlackElo "1697"]
[PlyCount "103"]
[EventDate "2025.02.01"]
[EventType "swiss"]
[EventCountry "IND"]
[SourceTitle "playchess.com"]
[Source "ChessBase"]
[SourceQuality "1"]
[TimeControl "900+5"]

1. Nf3 Nf6 2. g3 d5 3. Bg2 c6 4. O-O Bg4 5. Ne5 Bf5 6. c4 e6 7. b3 Bd6 8. Bb2 O-O 9. d3 Qc7 10. Nf3 Nbd7 11. Nbd2 h6 12. Rc1 Rfe8 13. Re1 Qa5 14. e4 dxe4 15. dxe4 Bg4 16. h3 Bxf3 17. Nxf3 Be5 18. Nxe5 Nxe5 19. b4 Qc7 20. f4 Ng6 21. e5 Nh7 22. Kh2 Rad8 23. Qe2 a5 24. b5 c5 25. Rcd1 Ne7 26. Be4 Nf5 27. Bxf5 exf5 28. Rxd8 Qxd8 29. Rd1 Qc7 30. Qd3 Qc8 31. Qd6 Nf8 32. Qb6 Qe6 33. Qxe6 Nxe6 34. b6 Rd8 35. Rd5 Rc8 36. Bc3 a4 37. Rd7 Rd8 38. Rxb7 Rd3 39. Ra7 Rxc3 40. b7 Rc2+ 41. Kg1 Rc1+ 42. Kf2 Rc2+ 43. Ke1 Rb2 44. Ra8+ Kh7 45. b8=Q Rxb8 46. Rxb8 Nd4 47. Rc8 Nc2+ 48. Kd2 Nb4 49. a3 Na6 50. Rc6 Nb8 51. Rxc5 Nd7 52. Rb5 1-0

[Event "1st Konde Memorial 2025"]
[Site "Pune"]
[Date "2025.02.02"]
[Round "4.10"]
[White "Bakhare Atharva"]
[Black "Shejal Sahil Sanjay"]
[Result "0-1"]
[Annotator "NA"]
[ECO "B05"]
[WhiteElo "1772"]
[BlackElo "1864"]
[PlyCount "82"]
[EventDate "2025.02.01"]
[EventType "swiss"]
[EventCountry "IND"]
[SourceTitle "playchess.com"]
[Source "ChessBase"]
[SourceQuality "1"]
[TimeControl "900+5"]

1. e4 Nf6 2. e5 Nd5 3. d4 d6 4. Nf3 Bg4 5. Be2 Nc6 6. c4 Nb6 7. exd6 exd6 8. b3 Be7 9. Nc3 O-O 10. O-O Re8 11. a4 a5 12. Be3 Bf6 13. Qd2 Nb4 14. h3 Bf5 15. Rac1 d5 16. c5 Nd7 17. Nb5 Be7 18. Bf4 Rc8 19. Rfe1 Nf6 20. Ne5 Ne4 21. Qe3 c6 22. Nc3 f6 23. Ng4 h5 24. Nxe4 dxe4 25. Bc4+ Nd5 26. Nh2 g5 27. Bg3 h4 28. Bxh4 gxh4 29. Qf4 Qd7 30. Qxh4 Kf7 31. g4 Rh8 32. Qg3 Rcg8 33. Kf1 Bd8 34. Qf4 Bc7 35. Qxf5 Qxf5 36. gxf5 Bxh2 37. Bxd5+ cxd5 38. c6 bxc6 39. Rxc6 Rxh3 40. Rc5 Rxb3 41. Rxd5 Rg1+ 0-1

[Event "1st Konde Memorial 2025"]
[Site "Pune"]
[Date "2025.02.02"]
[Round "4.12"]
[White "Patil Varad Sayaji"]
[Black "Om Nagnath Lamkane"]
[Result "0-1"]
[Annotator "NA"]
[ECO "B92"]
[WhiteElo "1568"]
[BlackElo "1957"]
[PlyCount "94"]
[EventDate "2025.02.01"]
[EventType "swiss"]
[EventCountry "IND"]
[SourceTitle "playchess.com"]
[Source "ChessBase"]
[SourceQuality "1"]
[TimeControl "900+5"]

1. e4 c5 2. Nf3 d6 3. d4 cxd4 4. Nxd4 Nf6 5. Nc3 a6 6. Be2 e5 7. Nb3 Be7 8. Be3 Be6 9. O-O O-O 10. f3 d5 11. exd5 Nxd5 12. Nxd5 Bxd5 13. Qe1 Qc7 14. Rc1 Nd7 15. Qf2 Rac8 16. Rfd1 Bc6 17. Bc5 Nxc5 18. Nxc5 Bxf3 19. Qxf3 Bxc5+ 20. Kh1 Rcd8 21. Bd3 g6 22. Bc4 Kg7 23. Bd5 b5 24. Bb3 f5 25. c4 b4 26. Rd5 e4 27. Qe2 Rd6 28. Qd2 Rxd5 29. cxd5 Qb6 30. Qc2 Rc8 31. Qc4 Rc7 32. Qe2 Bd6 33. Rxc7+ Qxc7 34. Qc4 Qxc4 35. Bxc4 a5 36. b3 Kf6 37. g3 Ke5 38. Kg2 g5 39. Kf2 f4 40. gxf4+ gxf4 41. Ke2 f3+ 42. Kf2 Kf4 43. Bf1 e3+ 44. Ke1 e2 45. Bh3 Ke3 46. Bg2 Be5 47. Bxf3 Bc3# 0-1

[Event "1st Konde Memorial 2025"]
[Site "Pune"]
[Date "2025.02.02"]
[Round "4.13"]
[White "Lokhande Vaibhav"]
[Black "Joshi Aditya Shripad"]
[Result "0-1"]
[Annotator "NA"]
[ECO "B04"]
[WhiteElo "1607"]
[BlackElo "1835"]
[PlyCount "66"]
[EventDate "2025.02.01"]
[EventType "swiss"]
[EventCountry "IND"]
[SourceTitle "playchess.com"]
[Source "ChessBase"]
[SourceQuality "1"]
[TimeControl "900+5"]

1. e4 d6 2. d4 Nf6 3. Nc3 g6 4. Bg5 Bg7 5. e5 Nfd7 6. exd6 cxd6 7. Nf3 O-O 8. Bc4 Nc6 9. O-O Nb6 10. Bb3 Bg4 11. Be3 Qd7 12. Ne2 Bxf3 13. gxf3 e5 14. c3 Kh8 15. Qd2 Qh3 16. f4 Ne7 17. Ng3 h5 18. fxe5 dxe5 19. Bh6 h4 20. Bxg7+ Kxg7 21. Qg5 hxg3 22. fxg3 Nf5 23. dxe5 Nd7 24. g4 Qe3+ 25. Qxe3 Nxe3 26. Rf3 Nxg4 27. e6 fxe6 28. Rd3 Nc5 29. Rg3 Nxb3 30. axb3 Ne5 31. Re3 Rf5 32. Rd1 Raf8 33. Rde1 Nf3+ 0-1

[Event "1st Konde Memorial 2025"]
[Site "Pune"]
[Date "2025.02.02"]
[Round "4.14"]
[White "Limaye Kavish"]
[Black "Sane, Akshay"]
[Result "1/2-1/2"]
[Annotator "NA"]
[ECO "D32"]
[WhiteElo "1737"]
[BlackElo "1927"]
[PlyCount "81"]
[EventDate "2025.02.01"]
[EventType "swiss"]
[EventCountry "IND"]
[SourceTitle "playchess.com"]
[Source "ChessBase"]
[SourceQuality "1"]
[TimeControl "900+5"]

1. c4 Nf6 2. Nc3 e6 3. d4 c5 4. e3 d5 5. dxc5 Bxc5 6. Nf3 O-O 7. cxd5 exd5 8. Be2 Nc6 9. O-O Be6 10. b3 Rc8 11. Bb2 a6 12. Rc1 Be7 13. h3 Ne4 14. Nxe4 dxe4 15. Nd4 Nxd4 16. Qxd4 Qxd4 17. exd4 b5 18. Rxc8 Rxc8 19. Rc1 Rxc1+ 20. Bxc1 Bf6 21. Be3 Kf8 22. f3 Bd5 23. Kf2 Ke7 24. fxe4 Bxe4 25. Bf3 Bb1 26. a4 bxa4 27. bxa4 Bc2 28. Be2 a5 29. Bb5 Kd6 30. Be8 Bg6 31. Ke2 Kd5 32. Bd2 Bd8 33. Bc1 f6 34. Bxg6 hxg6 35. Kd3 f5 36. Bd2 g5 37. Be1 g4 38. hxg4 fxg4 39. Bg3 Bb6 40. Be5 g6 41. Bf6 1/2-1/2

[Event "1st Konde Memorial 2025"]
[Site "Pune"]
[Date "2025.02.02"]
[Round "4.15"]
[White "Nihira Koul"]
[Black "Koli Aditya"]
[Result "1-0"]
[Annotator "NA"]
[ECO "A25"]
[WhiteElo "1889"]
[BlackElo "1657"]
[PlyCount "47"]
[EventDate "2025.02.01"]
[EventType "swiss"]
[EventCountry "IND"]
[SourceTitle "playchess.com"]
[Source "ChessBase"]
[SourceQuality "1"]
[TimeControl "900+5"]

1. c4 e5 2. g3 d6 3. Bg2 Nc6 4. Nc3 Be6 5. d3 Qd7 6. e4 O-O-O 7. Nge2 f5 8. Rb1 Nf6 9. exf5 Bxf5 10. b4 Bh3 11. O-O Be7 12. b5 Nd4 13. Nxd4 exd4 14. Ne2 Bxg2 15. Kxg2 d5 16. Qa4 Kb8 17. Nxd4 Ka8 18. Be3 Bc5 19. Nc6 Bb6 20. Bxb6 a6 21. Be3 Qc8 22. bxa6 bxa6 23. Rb8+ Qxb8 24. Qxa6+ 1-0

[Event "1st Konde Memorial 2025"]
[Site "Pune"]
[Date "2025.02.02"]
[Round "4.16"]
[White "Ishan Arjun P Y"]
[Black "Bawalekar, Jeetesh"]
[Result "1-0"]
[Annotator "NA"]
[ECO "B23"]
[WhiteElo "1699"]
[BlackElo "1866"]
[PlyCount "45"]
[EventDate "2025.02.01"]
[EventType "swiss"]
[EventCountry "IND"]
[SourceTitle "playchess.com"]
[Source "ChessBase"]
[SourceQuality "1"]
[TimeControl "900+5"]

1. e4 c5 2. Nc3 Nc6 3. Bb5 g6 4. Bxc6 bxc6 5. f4 Bg7 6. d3 d6 7. Nf3 Nf6 8. O-O O-O 9. Qe1 Bg4 10. Qh4 Bxf3 11. Rxf3 e5 12. fxe5 dxe5 13. Bg5 Qd4+ 14. Kh1 Nh5 15. Raf1 h6 16. Be3 Qd8 17. Qh3 Qe7 18. g4 Nf4 19. Bxf4 exf4 20. Rxf4 c4 21. dxc4 g5 22. R4f3 Qxe4 23. Nxe4 1-0